 Dungeon Crawl Stone Soup version 0.21-a0-185-g3a6ed1e (webtiles) character file.

28 namelastname112 the Chopper (level 3, -3/30 HPs)
             Began as a Draconian Wanderer on Aug 12, 2017.
             Succumbed to a goblin's poison
             ... on level 2 of the Dungeon.
             The game lasted 00:01:13 (1208 turns).

namelastname112 the Chopper (Draconian Wanderer)    Turns: 1208, Time: 00:01:14

Health: -3/30      AC:  5    Str: 16    XL:     3   Next: 0%
Magic:  4/4        EV: 12    Int: 10    God:
Gold:   69         SH:  0    Dex: 11    Spells: 4/4 levels left

rFire    . . .     SeeInvis .   q - +0 hand axe
rCold    . . .     Gourm    .   (no shield)
rNeg     . . .     Faith    .   (armour unavailable)
rPois    .         Spirit   .   (helmet restricted)
rElec    .         Reflect  .   (no cloak)
rCorr    .         Harm     .   (no gloves)
MR       .....                  (no boots)
Stlth    ++........             (no amulet)
HPRegen  0.10/turn              o - ring of stealth
MPRegen  0.09/turn              (no ring)

@: lethally poisoned (-3 -> -66)
A: unfitting armour, cold-blooded, AC +5
a: no special abilities


You were on level 2 of the Dungeon.
You were hungry.

You visited 1 branch of the dungeon, and saw 2 of its levels.

You collected 69 gold pieces.

Inventory:

Hand Weapons
 q - a +0 hand axe (weapon)
Jewellery
 o - a ring of stealth (left hand)
Scrolls
 e - a scroll of fog {unknown}
 i - a scroll of fear {unknown}
 j - 4 scrolls of identify {unknown}
 k - 2 scrolls of immolation {unknown}
 l - a scroll of random uselessness {unknown}
 n - 2 scrolls of teleportation {unknown}
 p - a scroll of amnesia {unknown}
Potions
 b - 2 potions of lignification
 g - a potion of haste {unknown}
Books
 a - a book of Minor Magic

   Spells                             Type                      Level
   a - Magic Dart                     Conjuration                  1
   b - Blink                          Translocation                2
   c - Call Imp                       Summoning                    2
   d - Slow                           Hexes                        2
   e - Conjure Flame                  Conjuration/Fire             3
   f - Mephitic Cloud                 Conjuration/Poison/Air       3
 c - the Collected Works on Fire

   Spells                             Type                      Level
   a - Flame Tongue                   Conjuration/Fire             1
   b - Conjure Flame                  Conjuration/Fire             3
Comestibles
 f - 2 bread rations
 h - 2 royal jellies


   Skills:
 + Level 2.9 Fighting
 - Level 3.0 Axes
 - Level 1.0 Throwing
 + Level 1.7 Dodging
 - Level 1.0 Stealth
 - Level 1.0 Spellcasting
   Level 1.0 Hexes
   Level 1.0 Fire Magic


You had 4 spell levels left.
You didn't know any spells.

Dungeon Overview and Level Annotations

Branches:
Dungeon (2/15)

Altars:


Innate Abilities, Weirdness & Mutations

Your plain brown scales are hard. (AC +5)
You cannot fit into any form of body armour.
You are cold-blooded and may be slowed by cold attacks.


Message History

You feel very sick. The goblin barely misses you.
You take 4 damage, and have 9/30 hp.
You closely miss the goblin.
Your tail-slap misses the goblin.
* * * LOW HITPOINT WARNING * * *
You feel very sick.
The goblin hits you with a dagger of venom.
* * * LOW HITPOINT WARNING * * *
You are more poisoned.
You take 4 damage, and have 5/30 hp.
You closely miss the goblin.
* * * LOW HITPOINT WARNING * * *
You feel very sick. The goblin hits you but does no damage.
You are more poisoned.
The goblin hits you but does no damage.
You are more poisoned.
You take 4 damage, and have 1/30 hp.
It was a potion of cancellation.
You feel magically purged.
You die...

####.#.# #.#
#......
..##.#.###.#
#.#..(#
#.##.......#
......
#.####.#####
##
....###.####.#
..
.............#
#.
#.####.######
#..#)####.#
#..g@.....#
......#.######
##### #.# #.#
#.# #.# ...
..#


You could see a goblin.

Vanquished Creatures
  A leopard gecko (D:1)
  3 bats
  A giant cockroach (D:1)
  4 goblins
  3 hobgoblins (D:1)
  4 jackals (D:1)
  3 kobolds (D:1)
  A frilled lizard (D:1)
  2 rats (D:1)
22 creatures vanquished.

Notes
Turn   | Place    | Note
-------+----------+-------------------------------------------
     0 | D:1      | namelastname112 the Draconian Wanderer began the quest for the Orb.
     0 | D:1      | namelastname112 set off with: a book of Minor Magic, a potion of lignification, the Collected Works on Fire, a +0 club, a bread ration
     0 | D:1      | Reached XP level 1. HP: 17/17 MP: 2/2
     0 | D:1      | Identified the Collected Works on Fire
   401 | D:1      | Reached XP level 2. HP: 21/25 MP: 3/3
   450 | D:1      | Reached skill level 1 in Dodging
  1201 | D:2      | Reached XP level 3. HP: 24/30 MP: 4/4
  1207 | D:2      | HP: 1/30 [poisoned by a goblin]
  1208 | D:2      | Succumbed to a goblin's poison

Vault maps used:
D:1:      roderic_chinese_lattice_arrival
D:2:      kennysheep_slug_shrine, minmay_misc_feat_doors,
          nicolae_ru_awakened_eye

Skill      XL: |  1  2 |
---------------+-------+-----
Dodging        | 1 |  1.7
Fighting       | |  2.9
Axes           | |  3.0
Throwing       | |  1.0
Stealth        | |  1.0
Spellcasting   | |  1.0
Hexes          | |  1.0
Fire Magic     | |  1.0

Action                   || total
-------------------------++-------
Melee: Club              ||    34
       Tailslap          ||     9
       Dagger            ||    38
       Hand axe          ||    19
  Use: Potion            ||     1
Armor: Skin              ||    57
Dodge: Dodged            ||    73
